 Dungeon Crawl Stone Soup version 0.23.2-33-g5129a83184 (webtiles) character file.

Game seed: 5078631966801642124

71610 DorianNounverber the Earth Mage (level 15, 0/92 HPs)
             Began as a Gargoyle Earth Elementalist on July 18, 2019.
             Was a Priest of Vehumet.
             Shot with a bolt by a naga sharpshooter (12 damage)
             ... led by Vashnia
             ... on level 4 of the Snake Pit.
             The game lasted 01:58:46 (28436 turns).

DorianNounverber the Earth Mage (GrEE)             Turns: 28436, Time: 01:58:46

Health: 0/92       AC: 21    Str: 29    XL:     15   Next: 37%
Magic:  0/31       EV: 14    Int: 33    God:    Vehumet [***...]
Gold:   985        SH: 12    Dex: 13    Spells: 1/38 levels left

rFire    . . .     SeeInvis .   L - +8 flail "Gargoyle's Peril" {crush, Fragile rC+ Str+7}
rCold    + . .     Gourm    .   X - +2 shield
rNeg     + . .     Faith    .   R - +1 leather armour of Sustriety {Str+6 Int+4 Dex+3}
rPois    ∞         Spirit   .   p - +0 helmet
rElec    +         Reflect  .   W - scarf {repulsion}
rCorr    .         Harm     .   N - +1 pair of gloves {Str+3}
MR       +++..                  Q - +2 pair of boots
Stlth    ++........             M - amulet of regeneration
HPRegen  0.65/turn              q - +5 ring of intelligence
MPRegen  0.22/turn              I - ring of the Mage {Wiz MR++ Int+3}

@: repel missiles
A: big wings, negative energy resistance 1, electricity resistance, unbreathing,
petrification resistance, rot immunity, AC +11
a: Fly, Renounce Religion


You were on level 4 of the Snake Pit.
You worshipped Vehumet.
Vehumet was most pleased with you.
You were not hungry.

You visited 5 branches of the dungeon, and saw 23 of its levels.
You also visited: Ossuary.

You collected 1274 gold pieces.
You spent 289 gold pieces at shops.

Inventory:

Hand Weapons
 L - the +8 flail "Gargoyle's Peril" (weapon) {crush, Fragile rC+ Str+7}
   (You bought it in a shop on level 4 of the Snake Pit)

   It inflicts extra damage upon your enemies.
   It affects your strength (+7).
   It protects you from cold.
   It will be destroyed if unequipped.
 O - a +7 hand axe of freezing
Missiles
 b - 411 stones (quivered)
Armour
 p - a +0 helmet (worn)
 N - a +1 pair of gloves of strength (worn)
 Q - a +2 pair of boots (worn)
 R - the +1 leather armour of Sustriety (worn) {Str+6 Int+4 Dex+3}
   (You found it on level 8 of the Dungeon)

   It affects your strength (+6).
   It affects your intelligence (+4).
   It affects your dexterity (+3).
 U - a scarf of spirit shield
 W - a scarf of repulsion (worn)
 X - a +2 shield (worn)
Magical Staves
 w - an uncursed staff of power
Jewellery
 q - a +5 ring of intelligence (left hand)
 I - the ring of the Mage (right hand) {Wiz MR++ Int+3}
   (You found it on level 5 of the Dungeon)

   [ring of wizardry]

   It improves your spell success rate.
   It affects your intelligence (+3).
   It affects your resistance to hostile enchantments.
 J - an uncursed ring of see invisible
 M - an amulet of regeneration (around neck)
Wands
 a - a wand of iceblast (10)
 c - a wand of paralysis (14)
 e - a wand of clouds (4)
 x - a wand of enslavement (13)
 y - a wand of disintegration (14)
 H - a wand of flame (25)
 S - a wand of polymorph (7)
Scrolls
 g - 7 scrolls of enchant weapon
 k - a scroll of random uselessness {unknown}
 l - a scroll of noise {unknown}
 m - 4 scrolls of remove curse
 n - a scroll of brand weapon {unknown}
 r - 2 scrolls of fog {unknown}
 t - 9 scrolls of magic mapping
 v - 4 scrolls of teleportation
 A - 8 scrolls of enchant armour
 C - 2 scrolls of amnesia {unknown}
 D - a scroll of blinking
 G - 2 scrolls of fear {unknown}
 P - 2 scrolls of vulnerability {unknown}
 V - a scroll of holy word {unknown}
Potions
 f - 2 potions of resistance
 h - 5 potions of flight
 j - 4 potions of agility
 o - 3 potions of curing
 s - 5 potions of lignification
 u - a potion of invisibility {unknown}
 z - 7 potions of brilliance
 B - 3 potions of cancellation
 E - a potion of might {unknown}
 K - 4 potions of berserk rage
 T - a potion of mutation {unknown}
 Z - a potion of ambrosia {unknown}
Miscellaneous
 i - a sack of spiders
 F - a fan of gales
 Y - a lightning rod (4/4)
Comestibles
 d - 13 rations


   Skills:
 + Level 10.3 Fighting
 + Level 8.2 Dodging
 - Level 2.1 Stealth
 + Level 3.6 Shields
 * Level 12.3 Spellcasting
 + Level 10.0 Conjurations
 - Level 0.7 Transmutations
 + Level 5.4 Fire Magic
 * Level 15.5 Earth Magic
 + Level 7.9 Evocations


You had one spell level left.
You knew the following spells:

 Your Spells              Type           Power        Failure   Level  Hunger
a - Sandblast             Erth           ######       0%          1    None
b - Stone Arrow           Conj/Erth      ######       1%          3    None
c - Petrify               Tmut/Erth      ######..     1%          4    None
d - Lee's Rapid Deconstr  Erth           #######...   1%          5    None
e - Passwall              Tmut/Erth      ######..     1%          2    None
f - Magic Dart            Conj           ####         1%          1    None
g - Summon Ice Beast      Ice/Summ       ###.....     38%         4    None
h - Fireball              Conj/Fire      ######....   1%          5    None
i - Iron Shot             Conj/Erth      #######...   1%          6    ####...
j - Bolt of Magma         Conj/Fire/Erth ######....   1%          5    None
k - Summon Butterflies    Summ           ###.....     4%          1    None

Your spell library contained the following spells:

 Spells                   Type           Power        Failure   Level  Hunger
 Shock                    Conj/Air       ####         1%          1    None
 Confusing Touch          Hex            ###...       4%          1    None
 Summon Small Mammal      Summ           ###.         4%          1    None
 Conjure Flame            Conj/Fire      ######..     1%          3    None
 Ignite Poison            Fire/Tmut/Pois ####....     1%          3    None
 Mephitic Cloud           Conj/Pois/Air  #####...     1%          3    None
 Leda's Liquefaction      Hex/Erth       ######....   1%          4    None
 Borgnjor's Vile Clutch   Necr/Erth      ######....   4%          5    None
 Blink                    Tloc           N/A          6%          2    None
 Call Imp                 Summ           ###.....     6%          2    None
 Slow                     Hex            ###.....     6%          2    None
 Call Canine Familiar     Summ           ###.....     13%         3    None
 Confuse                  Hex            ###.....     13%         3    None
 Gell's Gravitas          Tloc           ###.......   13%         3    None
 Regeneration             Chrm/Necr      ###.......   13%         3    None
 Summon Guardian Golem    Hex/Summ       ###.....     13%         3    None
 Yara's Violent Unravell  Hex/Tmut       ###.......   26%         5    None
 Freezing Cloud           Conj/Ice/Air   #####.....   36%         6    ####...
 Summon Lightning Spire   Summ/Air       ###.....     38%         4    None
 Spellforged Servitor     Conj/Summ      ######....   67%         7    #####..
 Metabolic Englaciation   Hex/Ice        ###.......   71%         5    None
 Silence                  Hex/Air        ###.......   71%         5    None
 Shatter                  Erth           #######...   80%         9    #######
 Statue Form              Tmut/Erth      Unusable     N/A         6    N/A

Dungeon Overview and Level Annotations

Branches:
Dungeon (11/15)            Temple (1/1) D:7            Lair (6/6) D:10
  Swamp (1/4) Lair:2        Snake (4/4) Lair:3        Slime (0/5) Lair:6
    Orc: D:9-12

Altars:
Ashenzari
Cheibriados
Dithmenos
Elyvilon
Fedhas
Gozag
Hepliaklqana
Kikubaaqudgha
Makhleb
Nemelex Xobeh
Okawaru
Qazlal
Ru
Sif Muna
Trog
Uskayaw
Vehumet
Wu Jian
Xom
Yredelemnul
Zin
The Shining One

Shops:
Snake:4 (

Annotations:
Swamp:1 Aizul
Snake:4 Vashnia


Innate Abilities, Weirdness & Mutations

You are resistant to torment.
Your stone body is resilient. (AC +11)
You are immune to poison.
Your large and strong wings let you fly indefinitely.
You resist negative energy. (rN+)
You are resistant to electric shocks. (rElec)
You can survive without breathing.
You are immune to petrification.
You are immune to rotting.


Message History

Press: ? - help, Shift-Dir - straight line, f/p - naga sharpshooter
Aim: a naga sharpshooter, wielding a +0 arbalest (severely wounded)
The blast of sand misses the naga sharpshooter.
b - 412 stones The naga sharpshooter shoots a bolt.
The bolt hits you!
* * * LOW HITPOINT WARNING * * *
The naga sharpshooter shoots a bolt.
The bolt closely misses you.
Casting: Sandblast (safe; 0% risk of failure)
Confirm with . or Enter, or press ? or * to list all spells.
Aiming: Sandblast (safe; 0% risk of failure)
Press: ? - help, Shift-Dir - straight line, f/p - naga sharpshooter
Aim: a naga sharpshooter, wielding a +0 arbalest (severely wounded)
The blast of sand hits the naga sharpshooter!!
The naga sharpshooter is almost dead.
b - 411 stones The naga sharpshooter shoots a bolt.
The bolt hits you!
* * * LOW HITPOINT WARNING * * *
The naga sharpshooter shoots a bolt.
You block the bolt.
You feel better.
The naga sharpshooter shoots a bolt.
The bolt hits you!
You die...

......##......##.........#
.......##....NN##(.....)..#
..S....########.#.........#
.......#........#....).....
#.....##....##.#((........
#.....#########..........
#............(........### .
##.........N.....N....#
..##.........@............
...........(..............
.........(((..............
.......(.##...............
.......#####..............
......# ##............
.....# #....##.. .....
#....# ## ##.. ....#


You could see 2 naga sharpshooters.

Vanquished Creatures
  Roxanne (Snake:3)
  A nagaraja (Snake:4)
  Snorg (Lair:3)
  A catoblepas (Lair:5)
  7 naga warriors
  Harold (Lair:2)
  5 hydras
  2 two-headed ogres (D:9)
  13 anacondas
  7 naga sharpshooters
  7 shock serpents
  A salamander mystic (Snake:3)
  3 naga ritualists
  8 mana vipers
  3 oklob plants
  A salamander (Snake:1)
  Maurice (D:9)
  6 elephants (Lair:5)
  19 black mambas
  14 naga magi
  7 spiny frogs
  A rime drake (Lair:1)
  3 komodo dragons
  A troll (D:9)
  Grinder (D:4)
  3 blink frogs (Lair:3)
  Prince Ribbit (D:7)
  3 slime creatures (Lair:6)
  4 hippogriffs
  15 yaks
  Eustachio (D:5)
  Edmund (D:4)
  44 nagas
  Menkaure (D:6)
  A spatial vortex (Lair:2)
  9 water moccasins
  7 porcupines
  3 ice beasts
  2 orc warriors
  2 sky beasts
  A black bear (D:7)
  9 ogres
  4 centaurs
  17 crocodiles
  2 big kobolds (D:9)
  6 bullfrogs
  5 scorpions
  A water moccasin zombie (Ossuary)
  3 wights
  A howler monkey (D:7)
  6 crimson imps
  2 quasits
  4 bullfrog zombies
  A bullfrog skeleton (D:10)
  3 hounds (D:8)
  2 jellies
  2 centaur zombies (Ossuary)
  2 orc priests
  A centaur skeleton (D:6)
  7 orc wizards
  4 gnoll shamans (D:9)
  Jessica (D:2)
  10 mummies (Ossuary)
  9 iguanas
  4 worker ants
  3 killer bee zombies
  3 hound zombies (Ossuary)
  A hound skeleton (D:7)
  2 howler monkey zombies
  8 gnolls (D:9)
  3 worker ant zombies
  11 adders
  5 shadow imps
  An adder zombie (D:9)
  2 worms
  4 dart slugs
  14 leopard geckos
  24 orcs
  5 giant cockroaches
  12 goblins
  10 hobgoblins
  16 jackals
  4 quokkas
  7 bats
  14 frilled lizards
  A giant cockroach zombie (Ossuary)
  7 kobolds
  A leopard gecko zombie (D:4)
  A quokka skeleton (D:4)
  5 rats (D:2)
  A bush (Lair:3)
  A plant (Lair:5)
485 creatures vanquished.

Vanquished Creatures (collateral kills)
  A porcupine (Lair:3)
  A crocodile (Lair:2)
2 creatures vanquished.

Vanquished Creatures (others)
  12 fungi
  7 plants
  3 withered plants (Ossuary)
22 creatures vanquished.

Grand Total: 509 creatures vanquished

Notes
Turn   | Place    | Note
-------+----------+-------------------------------------------
     0 | D:1      | DorianNounverber the Gargoyle Earth Elementalist began the
                  | quest for the Orb.
     0 | D:1      | Reached XP level 1. HP: 10/10 MP: 3/3
   301 | D:1      | Reached XP level 2. HP: 12/16 MP: 5/5
   438 | D:1      | Reached skill level 4 in Earth Magic
  1045 | D:2      | Reached XP level 3. HP: 20/20 MP: 2/6
  1052 | D:2      | Reached skill level 1 in Fighting
  1645 | D:2      | Noticed a moth of wrath
  1647 | D:2      | Found a bloodstained altar of Trog.
  1837 | D:2      | Reached XP level 4. HP: 25/25 MP: 3/8
  1886 | D:2      | Learned a level 3 spell: Stone Arrow
  1891 | D:2      | Learned a level 4 spell: Petrify
  2034 | D:2      | Noticed Jessica
  2038 | D:2      | Killed Jessica
  2316 | D:2      | Reached XP level 5. HP: 30/30 MP: 4/9
  2434 | D:3      | Reached skill level 5 in Earth Magic
  3381 | D:4      | Reached XP level 6. HP: 35/35 MP: 1/11
  3555 | D:4      | Noticed Edmund
  3562 | D:4      | Killed Edmund
  3562 | D:4      | Reached skill level 1 in Conjurations
  3626 | D:4      | Noticed Grinder
  3873 | D:4      | Killed Grinder
  3873 | D:4      | Reached skill level 6 in Earth Magic
  3873 | D:4      | Reached XP level 7. HP: 40/40 MP: 3/13
  3880 | D:4      | Learned a level 5 spell: Lee's Rapid Deconstruction
  4311 | D:5      | Entered Level 5 of the Dungeon
  4553 | D:5      | Found the ring of the Mage {Wiz MR++ Int+3}
  4571 | D:5      | Reached XP level 8. HP: 31/46 MP: 6/15
  4962 | D:5      | Noticed Eustachio
  4968 | D:5      | Killed Eustachio
  4968 | D:5      | Reached skill level 5 in Spellcasting
  4968 | D:5      | Reached skill level 7 in Earth Magic
  5472 | D:6      | Found a glowing golden altar of the Shining One.
  5795 | D:6      | Noticed Menkaure
  5808 | D:6      | Killed Menkaure
  6212 | D:6      | Reached skill level 1 in Evocations
  6433 | D:7      | Reached skill level 8 in Earth Magic
  6436 | D:7      | Reached XP level 9. HP: 52/52 MP: 11/17
  6638 | D:7      | Noticed Prince Ribbit
  6641 | D:7      | Killed Prince Ribbit
  6724 | D:7      | Found a sand-covered staircase.
  6745 | Ossuary  | Entered an ossuary
  6915 | Ossuary  | Reached skill level 5 in Fighting
  7072 | Ossuary  | Reached skill level 9 in Earth Magic
  7744 | D:7      | Found a staircase to the Ecumenical Temple.
  8012 | D:7      | Learned a level 2 spell: Passwall
  8201 | D:8      | Reached XP level 10. HP: 53/59 MP: 13/20
  8493 | D:8      | Got a jewelled leather armour
  8504 | D:8      | Identified the +1 leather armour of Sustriety {Str+6 Int+4
                  | Dex+3} (You found it on level 8 of the Dungeon)
  8847 | Temple   | Entered the Ecumenical Temple
  8908 | Temple   | Became a worshipper of Vehumet
  8972 | D:9      | Noticed a two-headed ogre
  8974 | D:9      | Noticed a two-headed ogre
  9003 | D:9      | Reached skill level 5 in Conjurations
  9260 | D:9      | Killed a two-headed ogre
  9260 | D:9      | Reached skill level 10 in Earth Magic
  9404 | D:9      | Killed a two-headed ogre
  9667 | D:9      | Noticed Maurice
  9704 | D:9      | Killed Maurice
  9704 | D:9      | Reached skill level 5 in Dodging
 10169 | D:9      | Reached * piety under Vehumet
 10169 | D:9      | Offered knowledge of Magic Dart by Vehumet.
 10175 | D:9      | Learned a level 1 spell: Magic Dart
 10440 | D:9      | Reached XP level 11. HP: 65/65 MP: 17/23
 10956 | D:10     | Entered Level 10 of the Dungeon
 11004 | D:11     | Noticed a two-headed ogre
 11016 | D:10     | Found a staircase to the Lair.
 11023 | Lair:1   | Entered Level 1 of the Lair of Beasts
 11150 | Lair:1   | Offered knowledge of Flame Tongue by Vehumet.
 11150 | Lair:1   | Reached skill level 11 in Earth Magic
 11220 | Lair:1   | Learned a level 4 spell: Summon Ice Beast
 11235 | D:10     | Reached ** piety under Vehumet
 13089 | Lair:2   | Offered knowledge of Throw Frost by Vehumet.
 13360 | Lair:2   | Reached *** piety under Vehumet
 13850 | Lair:2   | Offered knowledge of Ignite Poison by Vehumet.
 14421 | Lair:2   | Got a bloodstained robe
 14432 | Lair:2   | Identified the +1 robe of Trog's Wrath {MR+ rCorr Str+4
                  | Int+4 Dex-2} (You found it on level 2 of the Lair of
                  | Beasts)
 14732 | Lair:2   | Found a staircase to the Swamp.
 14758 | Lair:2   | Reached skill level 12 in Earth Magic
 14758 | Lair:2   | Reached skill level 5 in Evocations
 14858 | Lair:2   | You fall through a shaft!
 14862 | Lair:3   | Got a warped robe
 14866 | Lair:3   | Found a staircase to the Snake Pit.
 14879 | Lair:2   | Identified the +2 robe of Oruxor {*Contam rC+ MR+ rCorr}
                  | (You found it on level 3 of the Lair of Beasts)
 15420 | Lair:2   | Noticed Harold
 15426 | Lair:2   | Killed Harold
 15426 | Lair:2   | Reached XP level 12. HP: 54/72 MP: 9/25
 15544 | Swamp:1  | Entered Level 1 of the Swamp
 15552 | Swamp:1  | Noticed Aizul
 16276 | Lair:3   | Noticed Snorg
 16286 | Lair:3   | Noticed a five-headed hydra
 16288 | Lair:3   | Killed Snorg
 16633 | Lair:3   | Got a distressingly furry ring mail
 16644 | Lair:3   | Identified the +6 ring mail "Nuob" {MR++} (You found it on
                  | level 3 of the Lair of Beasts)
 16658 | Lair:3   | Killed a five-headed hydra
 16973 | Lair:3   | Noticed a four-headed hydra
 16979 | Lair:3   | Killed a four-headed hydra
 17019 | Lair:3   | You fall through a shaft for 3 floors!
 17019 | Lair:6   | Entered Level 6 of the Lair of Beasts
 17084 | Lair:6   | Found a staircase to the Slime Pits.
 17091 | Lair:6   | Reached skill level 10 in Spellcasting
 17985 | Lair:5   | Noticed a four-headed hydra
 17994 | Lair:5   | Killed a four-headed hydra
 17994 | Lair:5   | Reached **** piety under Vehumet
 17994 | Lair:5   | Reached skill level 13 in Earth Magic
 18177 | Lair:5   | Noticed a five-headed hydra
 18187 | Lair:5   | Killed a five-headed hydra
 18766 | Lair:5   | Reached XP level 13. HP: 53/79 MP: 10/27
 18905 | Lair:5   | Offered knowledge of Fireball by Vehumet.
 18912 | Lair:5   | Learned a level 5 spell: Fireball
 19324 | Lair:5   | Reached skill level 1 in Fire Magic
 20584 | Snake:1  | Entered Level 1 of the Snake Pit
 21909 | Snake:1  | Reached skill level 14 in Earth Magic
 23776 | Snake:2  | Gained mutation: Your large and strong wings let you fly
                  | indefinitely. [Gargoyle growth]
 23776 | Snake:2  | Reached XP level 14. HP: 32/86 MP: 26/29
 23983 | Snake:2  | Reached ***** piety under Vehumet
 24277 | Snake:2  | Offered knowledge of Iron Shot by Vehumet.
 24285 | Snake:2  | Learned a level 6 spell: Iron Shot
 25411 | Snake:3  | Reached skill level 1 in Shields
 25600 | Snake:3  | Noticed Roxanne
 25605 | Snake:3  | Killed Roxanne
 25664 | Snake:3  | Found a transporter.
 26056 | Snake:3  | Found a transporter.
 26209 | Snake:3  | Reached skill level 15 in Earth Magic
 26311 | Snake:3  | Learned a level 5 spell: Bolt of Magma
 26337 | Snake:3  | Identified Onuhyu's Almanac of Creation and Evil
 26344 | Snake:3  | Got a sparkling bronze ring
 26346 | Snake:3  | Identified the ring of Otudghoc {rElec rF+ MR++ EV+2
                  | Stlth+} (You found it on level 3 of the Snake Pit)
 26355 | Snake:3  | Got an ancient marble ring
 26356 | Snake:3  | Identified the cursed ring "Suemaq" {rC+ MR- AC-2 Str+3
                  | Stlth+} (You found it on level 3 of the Snake Pit)
 26362 | Snake:3  | Identified the Tome of Blistering Weightlessness
 26445 | Snake:4  | Entered Level 4 of the Snake Pit
 26705 | Snake:4  | Reached skill level 10 in Fighting
 26876 | Snake:4  | Reached XP level 15. HP: 92/92 MP: 25/31
 26973 | Snake:4  | Found Jusigympue's Antique Weapon Shoppe.
 26981 | Snake:4  | Bought a shimmering flail for 289 gold pieces
 26987 | Snake:4  | Identified the +8 flail "Gargoyle's Peril" {crush, Fragile
                  | rC+ Str+7} (You bought it in a shop on level 4 of the Snake
                  | Pit)
 27018 | Snake:4  | Reached skill level 5 in Fire Magic
 27297 | Snake:4  | Noticed a nagaraja
 27498 | Snake:4  | Killed a nagaraja
 27813 | Snake:4  | Reached skill level 10 in Conjurations
 28024 | Snake:4  | Learned a level 1 spell: Summon Butterflies
 28290 | Snake:4  | Noticed Vashnia
 28435 | Snake:4  | HP: 4/92 [naga sharpshooter/bolt[Vashnia] (13)]
 28436 | Snake:4  | Shot with a bolt by a naga sharpshooter

Skill      XL: |  1  2  3  4  5  6  7  8  9 10 11 12 13 14 15 |
---------------+----------------------------------------------+-----
Earth Magic    | 4 5 6 8 9 10 12 13 14 15 | 15.5
Fighting       | 1 2 3 4 5 6 7 8 9 10 | 10.3
Dodging        | 2 3 4 5 6 7 8 |  8.2
Spellcasting   | 3 4 5 6 8 9 10 11 12 | 12.3
Conjurations   | 1 2 3 4 5 7 8 9 10 | 10.0
Evocations     | 1 2 3 5 6 7 |  7.9
Fire Magic     | 3 4 5 |  5.4
Shields        | 2 3 |  3.6
Stealth        | |  2.1
Transmutations | |  0.7

Action                   |  1- 3 |  4- 6 |  7- 9 | 10-12 | 13-15 || total
-------------------------+-------+-------+-------+-------+-------++-------
Melee: Whip              |   152 |    25 |       |       |       ||   177
       Unarmed           |     2 |       |       |       |       ||     2
       War axe           |       |    70 |    54 |       |       ||   124
       Hand axe          |       |       |     5 |   101 |     7 ||   113
       Staff             |       |       |       |       |     2 ||     2
       Flail             |       |       |       |       |    37 ||    37
Throw: Stone             |       |       |       |       |     1 ||     1
 Cast: Sandblast         |    14 |    23 |    86 |    63 |    77 ||   263
       Stone Arrow       |       |     8 |    64 |   279 |   192 ||   543
       Petrify           |       |       |     2 |     3 |       ||     5
       Magic Dart        |       |       |       |   175 |   126 ||   301
       Lee's Rapid Decon |       |       |       |    10 |    48 ||    58
       Summon Ice Beast  |       |       |       |     4 |     2 ||     6
       Fireball          |       |       |       |       |     9 ||     9
       Iron Shot         |       |       |       |       |    68 ||    68
       Bolt of Magma     |       |       |       |       |     2 ||     2
       Passwall          |       |       |       |       |     2 ||     2
Evoke: Wand              |       |       |       |     2 |     3 ||     5
       Lightning rod     |       |       |       |       |     5 ||     5
       Fan of gales      |       |       |       |       |     1 ||     1
       Sack of spiders   |       |       |       |       |     1 ||     1
  Use: Scroll            |       |       |     4 |     9 |    11 ||    24
       Potion            |       |       |       |       |    12 ||    12
 Stab: Sleeping          |     1 |     3 |     2 |     1 |       ||     7
       Petrified         |       |       |     7 |     7 |       ||    14
  Eat: Chunk             |     1 |     2 |     1 |    10 |     2 ||    16
       Ration            |     1 |     2 |     3 |     7 |    12 ||    25
Armor: Robe              |    52 |     1 |       |       |       ||    53
       Ring mail         |       |    17 |       |       |       ||    17
       Leather armour    |       |    57 |    54 |    67 |   117 ||   295
Dodge: Dodged            |   102 |    98 |    51 |   122 |   167 ||   540
       Deflected         |       |       |       |       |    32 ||    32
Block: Shield            |       |       |       |       |    82 ||    82
